 Dungeon Crawl Stone Soup version 0.26.0-10-g1f06aea511 (webtiles) character file.

Game seed: 15048358939956163136

44 jackrogers the Poker (level 3, -3/29 HPs)
             Began as a Merfolk Abyssal Knight on Jan 13, 2021.
             Was a Believer of Lugonu.
             Slain by a worm (9 damage)
             ... on level 2 of the Dungeon.
             The game lasted 00:01:46 (1184 turns).

jackrogers the Poker (Merfolk Abyssal Knight)       Turns: 1184, Time: 00:01:47

Health: -3/29      AC:  5    Str: 13    XL:     3   Next: 62%
Magic:  4/4        EV: 11    Int: 11    God:    Lugonu [**....]
Gold:   65         SH:  0    Dex: 13    Spells: 2/2 levels left

rFire    . . .     SeeInvis .   a - +2 spear
rCold    . . .     Faith    .   (no shield)
rNeg     . . .     Spirit   .   j - +0 ring mail
rPois    .         Reflect  .   (no helmet)
rElec    .         Harm     .   (no cloak)
rCorr    .         Rampage  .   (no gloves)
Will     .....                  (no boots)
Stlth    +.........             (no amulet)
HPRegen  0.09/turn              f - ring of flight {+Fly, !d}
MPRegen  0.09/turn              (no ring)

@: no status effects
A: change form in water, swift swim, stealthy swim
a: Renounce Religion, Evoke Flight, Depart the Abyss, Bend Space


You were on level 2 of the Dungeon.
You worshipped Lugonu.
Lugonu was pleased with you.
You visited 1 branch of the dungeon, and saw 2 of its levels.
You visited the Abyss 1 time.

You collected 65 gold pieces.

Inventory:

Hand Weapons
 a - a +2 spear (weapon)
Missiles
 h - 4 javelins (quivered)
Armour
 b - a +0 leather armour
 j - a +0 ring mail (worn)
   (You found it on level 1 of the Dungeon)
Jewellery
 f - a ring of flight (left hand) {+Fly, !d}
   (You found it on level 1 of the Dungeon)
Scrolls
 i - a scroll of remove curse
Potions
 c - a potion of attraction {unknown}
 e - 2 potions of curing
 g - a potion of heal wounds {unknown}


   Skills:
 - Level 3.2 Fighting
 + Level 5.7 Polearms
 - Level 0.6 Armour
 - Level 2.6 Dodging
 - Level 2.0 Invocations


You had 2 spell levels left.
You didn't know any spells.
Your spell library was empty.

Dungeon Overview and Level Annotations

Branches:
Dungeon (2/15)

Altars:


Message History

You kill the hobgoblin!
Lugonu accepts your kill. The goblin hits you.
The goblin hits you but does no damage.
You see here a hobgoblin corpse.
You are too injured to fight recklessly!
You are too injured to fight recklessly!
You are too injured to fight recklessly!
You are too injured to fight recklessly!
You hit the goblin. The goblin misses you.
You closely miss the goblin. The goblin closely misses you.
You barely miss the goblin. The goblin barely misses you.
You hit the goblin.
You kill the goblin!
Lugonu accepts your kill.
Things that are here:
a +0 club; a bat corpse You start resting.
Found a stone staircase leading down.
You now have 44 gold pieces (gained 6).
A leopard gecko comes into view.
The leopard gecko hisses angrily.
A leopard gecko is nearby!
You throw a javelin.
The javelin pierces through the leopard gecko!
You kill the leopard gecko!
Lugonu accepts your kill.
No target in view!
No target in view!
No target in view!
h - 4 javelins (gained 1)
You see here a leopard gecko corpse.
You now have 47 gold pieces (gained 3).
i - 2 scrolls labelled PIWUTW OVONU (gained 1)
You now have 65 gold pieces (gained 18).
You see here a leopard gecko corpse.
Things that are here:
a +0 club; a +0 club; a +0 dagger You see here a short sword.
Done exploring.
No target in view!
No target in view!
No target in view!
No target in view!
Done exploring.
Done exploring.
Done exploring.
The rat bites you but does no damage.
You hit the rat.
You kill the rat!
Lugonu accepts your kill.
Done exploring.
Done exploring.
As you read the scroll labelled DADGHU FARCHEMU, it crumbles to dust.
You assume a fearsome visage.
Nothing appears to happen.
It was a scroll of fear.
As you read the scroll labelled DET DAETEMUU, it crumbles to dust.
It is a scroll of enchant weapon.
Your +1 spear glows red for a moment.
As you read the scroll labelled PIWUTW OVONU, it crumbles to dust.
You feel blessed for a moment.
It was a scroll of remove curse.
Unknown command.
As you read the scroll labelled SABBOA MINIUNU, it crumbles to dust.
It is a scroll of identify.
e - a potion of curing
Okay, then.
Done exploring.
Done exploring.
(D) Dungeon
Where to? (? - help)
There is a stone staircase leading down here.
You climb downwards.
There is a stone staircase leading up here.
Okay, then.
Okay, then.
Found a stone staircase leading up.
c - a sapphire potion
There is a stone staircase leading up here.
A worm comes into view.
Spoiler Alert: The worm can hit for moderate damage in melee!
A worm is nearby!
A worm is nearby!
You see here a potion of curing.
e - 2 potions of curing (gained 1)
You reach to attack!
You hit the worm. You hit the worm.
Spoiler Alert: The worm can hit for moderate damage in melee!
Your ring mail prevents you from hitting the worm.
The worm bites you!
You hit the worm. You hit the worm but do no damage. You puncture the worm!
The worm bites you!
You are too injured to fight recklessly!
Spoiler Alert: The worm can hit for moderate damage in melee!
You hit the worm. You hit the worm but do no damage. The worm bites you.
* * * LOW HITPOINT WARNING * * *
You hit the worm. You barely miss the worm. The worm bites you!
You die...

... .## #.# .... #.#
##... #.# .....##.#
......#.# .####.
#...#...# ......
..[..##@# ##.....#
......w.#### ##.......
.....#.....# #.......#
#### ##...## #.......#
###.#.# ####.......#
#...#.###...<.....#
#####.#.<.....###.....##
.........#.#####.....$.#
......#.##.#####.†.....#


You could see a worm.

Vanquished Creatures
  A howler monkey skeleton (D:2)
  3 dart slugs (D:1)
  A leopard gecko (D:1)
  4 goblins (D:1)
  2 hobgoblins (D:1)
  5 jackals (D:1)
  3 bats (D:1)
  2 kobolds (D:1)
  8 rats
29 creatures vanquished.

Notes
Turn   | Place    | Note
-------+----------+-------------------------------------------
     0 | Abyss:1  | jackrogers the Merfolk Abyssal Knight began the quest for
                  | the Orb.
     0 | Abyss:1  | Reached XP level 1. HP: 18/18 MP: 2/2
    30 | D:1      | Escaped the Abyss
   158 | D:1      | You fall into a shaft and drop 1 floor!
   172 | D:2      | Reached skill level 4 in Polearms
   172 | D:2      | Reached XP level 2. HP: 18/24 MP: 3/3
   272 | D:1      | HP: 5/24 [hobgoblin/+0 club (3)]
   278 | D:1      | Reached skill level 5 in Polearms
   278 | D:1      | Reached XP level 3. HP: 5/29 MP: 4/4
   740 | D:1      | Reached ** piety under Lugonu
  1182 | D:2      | HP: 6/29 [worm (6)]
  1184 | D:2      | Slain by a worm

Illustrated notes

Levels and vault maps discovered:
D:1:      dpeg_arrival_pond, layout_loops_ring
D:2:      layout_rooms, chequers_ecumenical_altar_simple

Skill      XL: |  1  2 |
---------------+-------+-----
Polearms       | 4 5 |  5.7
Fighting       | |  3.2
Armour         | |  0.6
Dodging        | |  2.6
Invocations    | |  2.0

Action                   || total
-------------------------++-------
Melee: Spear             ||   126
Throw: Javelin           ||     2
  Use: Scroll            ||     4
Armor: Leather armour    ||    12
       Ring mail         ||    10
Dodge: Dodged            ||    62

Table legend: (Time is in decaauts)
 A = Elapsed time spent in this place.
 B = Non-inter-level travel time spent in this place.
 C = Inter-level travel time spent in this place.
 D = Time resting spent in this place.
 E = Time spent auto-exploring this place.
 F = Levels seen in this place.
 G = Mean time per level.
                   A        B        C        D        E       F      G
               +--------+--------+--------+--------+--------+-----+--------+
         Total |   1167 |   1155 |     12 |    474 |    457 |   3 |  389.0 |
       Dungeon |   1137 |   1125 |     12 |    474 |    455 |   2 |  568.5 |
         Abyss |     30 |     30 |      0 |      0 |      2 |   1 |   30.0 |
               +--------+--------+--------+--------+--------+-----+--------+

Top non-repeatable levels by time:
     D:1: 1023 daAuts
     D:2: 113 daAuts
 Abyss:1: 30 daAuts

Table legend:
 A = Kills in this place as a percentage of kills in entire the game.
 B = Kills by you in this place as a percentage of kills by you in the entire game.
 C = Kills by friends in this place as a percentage of kills by friends in the entire game.
 D = Other kills in this place as a percentage of other kills in the entire game.
 E = Experience gained in this place as a percentage of experience gained in the entire game.
 F = Experience gained in this place divided by the number of levels of this place that you have seen.
                   A       B       C       D       E      F
               +-------+-------+-------+-------+-------+----------------------
         Total | 100.0 | 100.0 |   N/A |   N/A | 100.0 |  21.3
       Dungeon | 100.0 | 100.0 |   N/A |   N/A | 100.0 |  32.0
               +-------+-------+-------+-------+-------+----------------------
